 Bloatcrawl 2 version 0.50.1-497-g763ebf1 (webtiles) character file.

Game seed: 18370070541527221009, levelgen mode: deterministic

84 Kalegnar the Magician (level 4, 0/18 HPs)
             Began as a Profound Elf Annihilator on Oct 15, 2020.
             Was a Follower of Vehumet.
             Slain by a dart slug (2 damage)
             ... on level 2 of the Dungeon.
             The game lasted 00:04:18 (1057 turns).

Kalegnar the Magician (Profound Elf Annihilator)    Turns: 1057, Time: 00:04:19

Health: 0/18       AC:  2    Str:  3    XL:     4   Next: 3%
Magic:  11/16      EV: 14    Int: 26    God:    Vehumet [*.....]
Gold:   39         SH:  0    Dex: 16    Spells: 14/16 levels left Game modifiers: x1.5 XP

rFire   . . .      SeeInvis .    c - +0 dagger (venom)
rCold   . . .      Gourm    .    (no shield)
rNeg    . . .      Faith    .    a - +0 robe
rPois   .          Spirit   .    (no helmet)
rElec   .          Reflect  .    (no cloak)
rCorr   .          Harm     .    (no gloves)
MR      .....                    (no boots)
Stlth   ++........               (no amulet)
HPRegen 0.06/turn                (no ring)
MPRegen 0.15/turn                (no ring)

@: no status effects
A: no striking features
a: Renounce Religion


You were on level 2 of the Dungeon.
You worshipped Vehumet.
Vehumet was aware of your devotion.
You were not hungry.

You visited 1 branch of the dungeon, and saw 2 of its levels.

You collected 39 gold pieces.

Inventory:

Hand Weapons
 c - a +0 dagger of venom (weapon)
Missiles
 k - 5 stones (quivered)
Armour
 a - a +0 robe (worn)
Scrolls
 d - a scroll of remove curse {unknown}
 f - 2 scrolls of teleportation {unknown}
 h - a scroll of blinking {unknown}
 i - a scroll of fog {unknown}
Potions
 e - 3 potions of curing {unknown}
 g - a potion of heal wounds {unknown}
Comestibles
 b - a ration


   Skills:
 + Level 3.8 Dodging
 + Level 3.3 Stealth
 + Level 6.5 Spellcasting
 + Level 4.1 Conjurations
 + Level 1.2 Earth Magic


You had 14 spell levels left.
You knew the following spells:

 Your Spells              Type           Power        Failure   Level  Hunger
a - Magic Dart            Conj           ####         1%          1    None
b - Sandblast             Erth           ###...       4%          1    None
Your spell library was empty.

Dungeon Overview and Level Annotations

Branches:
Dungeon (2/15)

Altars:


Message History

The gnoll hits you from afar with a +0 spear!
The goblin misses you.
Casting: Magic Dart (safe; 1% risk of failure)
Confirm with . or Enter, or press ? or * to list all spells.
Aiming: Magic Dart (safe; 1% risk of failure)
Press: ? - help, Shift-Dir - straight line, f/p - gnoll
Aim: a gnoll, wielding a +0 spear (heavily wounded)
The magic dart hits the goblin.
The goblin is severely wounded.
The gnoll hits you but does no damage. The goblin hits you.
You closely miss the goblin.
The goblin is severely wounded.
The dart slug misses you. The gnoll misses you. The goblin barely misses you.
You hit the goblin.
You kill the goblin!
Vehumet accepts your kill.
The gnoll hits you from afar with a +0 spear.
* * * LOW HITPOINT WARNING * * *
The dart slug bites you.
You die...

#.#.......≈.
#.#........≈
##.#........
.........##
#.#.)..[..###
#.#.........##
#.s..g.......#
##..w†g......#
#...@.......#
#.#......?.# .
#.##......##
..###.###..####
......##..####..
..............#
.###....###.#.#
#.#.........
#†#.###....#


You could see a gnoll, a dart slug, a giant cockroach and a goblin.

Vanquished Creatures
  3 gnolls
  2 leopard geckos
  2 giant cockroaches (D:1)
  5 goblins
  5 hobgoblins
  3 bats
  A frilled lizard (D:1)
  4 kobolds (D:1)
  A rat (D:1)
26 creatures vanquished.

Notes
Turn   | Place    | Note
-------+----------+-------------------------------------------
     0 | D:1      | Kalegnar the Profound Elf Annihilator began the quest for
                  | the Orb.
     0 | D:1      | Reached XP level 1. HP: 7/7 MP: 11/11
    81 | D:1      | Reached skill level 6 in Spellcasting
   192 | D:1      | Reached XP level 2. HP: 11/11 MP: 11/13
   502 | D:1      | Offered knowledge of Sandblast by Vehumet.
   506 | D:1      | Learned a level 1 spell: Sandblast
   711 | D:2      | Reached XP level 3. HP: 14/14 MP: 10/14
   721 | D:2      | Reached skill level 1 in Earth Magic
  1046 | D:2      | Reached XP level 4. HP: 18/18 MP: 14/16
  1057 | D:2      | Slain by a dart slug

Levels and vault maps discovered:
D:1:      lightli_arrival_windingriver, layout_rooms, bh_walls_and_bars
D:2:      cheibrodos_helix_gallery, layout_rooms,
          lemuel_zombie_altar_yredelemnul,
          chequers_ecumenical_altar_simple_redux

Skill      XL: |  1  2  3 |
---------------+----------+-----
Stealth        | 2 3 |  3.3
Spellcasting   | 6 |  6.5
Conjurations   | 4 |  4.1
Earth Magic    | 1 |  1.2
Dodging        | |  3.8

Action                   |  1- 3 |  4- 6 || total
-------------------------+-------+-------++-------
Melee: Dagger            |    25 |     5 ||    30
 Cast: Magic Dart        |    23 |     5 ||    28
 Stab: Sleeping          |     3 |       ||     3
Armor: Robe              |     5 |       ||     5
Dodge: Dodged            |    16 |     7 ||    23
